 Dungeon Crawl Stone Soup version 0.24.0-123-gd5b16e6ec5 (webtiles) character file.

Game seed: 10730839888893660393, levelgen mode: deterministic

12128 Chiseanne the Destroyer (level 11, -3/87 HPs)
             Began as a Demonspawn Wizard on Jan 21, 2020.
             Was a Priest of Vehumet.
             Shot with a bolt by an orc warrior (10 damage)
             ... on level 2 of the Orcish Mines.
             The game lasted 00:32:16 (13674 turns).

Chiseanne the Destroyer (Demonspawn Wizard)        Turns: 13674, Time: 00:32:16

Health: -3/87      AC: 10    Str:  7    XL:     11   Next: 58%
Magic:  0/35       EV: 12    Int: 23    God:    Vehumet [***...]
Gold:   986        SH:  0    Dex: 18    Spells: 20/32 levels left

rFire    . . .     SeeInvis .   a - +8 short sword (venom)
rCold    . . .     Gourm    .   (no shield)
rNeg     . . .     Faith    .   D - +3 leather armour {rPois}
rPois    +         Spirit   +   (helmet unavailable)
rElec    .         Reflect  .   M - +0 cloak
rCorr    .         Harm     .   (no gloves)
MR       .....                  (no boots)
Stlth    ++........             (no amulet)
HPRegen  0.24/turn              o - +6 ring of dexterity
MPRegen  0.48/turn              f - ring of magical power

@: no status effects
A: horns 3, molten scales 2, powered by pain 2, magic shield, magic regeneration
a: Renounce Religion


You were on level 2 of the Orcish Mines.
You worshipped Vehumet.
Vehumet was most pleased with you.
You were hungry.

You visited 3 branches of the dungeon, and saw 13 of its levels.

You collected 1509 gold pieces.
You spent 523 gold pieces at shops.

Inventory:

Hand Weapons
 a - a +8 short sword of venom (weapon)
 s - the +9 scimitar of the First Seas {elec, Str+4 Stlth+}
   (You found it on level 8 of the Dungeon)

   Occasionally, upon striking a foe, it will discharge some electrical energy
   and cause terrible harm.
   It affects your strength (+4).
   It makes you more stealthy.
Missiles
 c - 50 poisoned darts (quivered)
 e - 128 sling bullets
 m - 233 arrows
 t - 288 bolts
 w - 116 stones
 y - 19 boomerangs
 L - 2 throwing nets
Armour
 b - a +1 hat
 j - the cursed +0 leather armour of Birdsong {rF+ Int+2 Dex+2}
   (You found it on level 7 of the Dungeon)

   It affects your intelligence (+2).
   It affects your dexterity (+2).
   It protects you from fire.
   It has a curse placed upon it.
 u - a +0 troll leather armour
 D - a +3 leather armour of poison resistance (worn)
 M - a +0 cloak (worn)
Jewellery
 f - a ring of magical power (right hand)
 h - an uncursed ring of flight
 o - a +6 ring of dexterity (left hand)
 F - a +5 ring of dexterity
Wands
 C - a wand of flame (27)
 E - a wand of random effects (11)
 J - a wand of paralysis (7)
 K - a wand of polymorph (4)
 N - a wand of iceblast (8)
Scrolls
 i - 8 scrolls of teleportation
 p - 5 scrolls of remove curse
 v - 4 scrolls of amnesia
Potions
 g - 4 potions of curing
 l - 2 potions of flight
 n - a potion of resistance {unknown}
 q - a potion of brilliance
 z - a potion of ambrosia {unknown}
 B - a potion of invisibility {unknown}
 H - 2 potions of mutation
 O - 2 potions of might
Comestibles
 d - 19 rations
 r - 6 chunks of flesh


   Skills:
 + Level 8.4 Fighting
 - Level 1.7 Dodging
 - Level 1.7 Stealth
 - Level 11.1 Spellcasting
 - Level 11.6 Conjurations
   Level 1.0 Summonings
 - Level 0.8 Translocations


You had 20 spell levels left.
You knew the following spells:

 Your Spells              Type           Power        Failure   Level  Hunger
a - Magic Dart            Conj           ####         1%          1    None
b - Dazzling Spray        Conj/Hex       #####.       1%          3    None
c - Conjure Flame         Conj/Fire      #####...     1%          3    None
d - Mephitic Cloud        Conj/Pois/Air  ####....     1%          3    None
e - Blink                 Tloc           N/A          9%          2    None

Your spell library contained the following spells:

 Spells                   Type           Power        Failure   Level  Hunger
 Force Lance              Conj/Tloc      #####...     1%          4    None
 Shock                    Conj/Air       ####         1%          1    None
 Corona                   Hex            ##.....      8%          1    None
 Call Imp                 Summ           ###.....     8%          2    None
 Ensorcelled Hibernation  Hex/Ice        ##....       12%         2    None
 Slow                     Hex            ##......     12%         2    None
 Airstrike                Air            ##........   19%         4    None
 Confuse                  Hex            ##......     22%         3    None
 Ozocubu's Armour         Chrm/Ice       ##......     22%         3    None
 Tukima's Dance           Hex            ##......     22%         3    None
 Metabolic Englaciation   Hex/Ice        ##........   91%         5    ####...


Dungeon Overview and Level Annotations

Branches:
Dungeon (10/15)            Temple (1/1) D:5            Lair (0/6) D:8
    Orc (2/2) D:9             Elf (0/3) Orc:2

Altars:
Ashenzari
Cheibriados
Dithmenos
Elyvilon
Fedhas
Gozag
Hepliaklqana
Kikubaaqudgha
Makhleb
Nemelex Xobeh
Okawaru
Ru
Sif Muna
Trog
Uskayaw
Vehumet
Wu Jian
Xom
Yredelemnul
Zin
The Shining One

Shops:
D:9 }   Orc:1 =   Orc:2 !(


Innate Abilities, Weirdness & Mutations

You have a pair of large horns on your head.
You are mostly covered in molten scales. (AC +3)
You sometimes gain power by taking damage.
When hurt, damage is shared between your health and your magic reserves.
You regenerate magic rapidly.


Message History

The orc warrior unwields a +0 halberd.
The orc warrior wields a +0 arbalest.
The orc warrior shoots a bolt.
The bolt hits you!
You hear a shout!
The orc warrior shoots a bolt.
The bolt hits you!
* * * LOW HITPOINT WARNING * * *
You see here a bolt.
Casting: Mephitic Cloud (safe; 1% risk of failure)
Confirm with . or Enter, or press ? or * to list all spells.
Aiming: Mephitic Cloud (safe; 1% risk of failure)
Press: ? - help, Shift-Dir - straight line, f - you
Okay, then.
The orc warrior shoots a bolt.
The bolt closely misses you.
The centaur warrior shoots an arrow.
The arrow hits you!!
* * * LOW HITPOINT WARNING * * *
You focus on the pain.
You feel your power returning.
You see here an arrow.
The centaur warrior shoots an arrow.
The arrow hits you!!
* * * LOW HITPOINT WARNING * * *
The orc warrior shoots a bolt.
The bolt hits you!!
You die...

# ## #########
#.#.###.#.##..## #####
.....#.....(...## #...##
...............(## ###..#
.....#.......(...# ####..##
.......)....(@...# ###.#.....
................## ##..>......
...#........#.### #..........
......c.o....### #..........
...........))#.######.....#...
.c...........)))#.##......##..
...............).)).).....#...
.........#...##)#)).....#####.
............#####)).....##..


You could see a centaur warrior and an orc warrior.

Vanquished Creatures
  2 centaur warriors
  2 orc knights (Orc:2)
  2 orc sorcerers
  4 trolls
  2 hippogriffs
  Sigmund (D:4)
  A wyvern (D:9)
  A hungry ghost (D:8)
  4 wargs
  10 ogres
  30 orc warriors
  3 ice beasts
  3 sky beasts (D:8)
  A necrophage (D:8)
  2 phantoms (D:8)
  7 centaurs
  2 crocodiles
  2 bullfrogs
  A killer bee (D:8)
  2 howler monkeys
  A centaur zombie (D:8)
  3 crimson imps
  A bullfrog zombie (D:5)
  A jelly (D:5)
  4 bullfrog skeletons
  3 hounds
  6 orc priests
  3 centaur skeletons
  Ijyb (D:3)
  An iguana (D:8)
  17 orc wizards
  5 worker ants
  2 hound zombies
  3 hound skeletons
  3 gnolls (D:4)
  8 adders
  2 shadow imps
  4 oozes
  An adder skeleton (D:4)
  2 worms
  2 dart slugs
  4 leopard geckos
  69 orcs
  2 bats (D:2)
  4 giant cockroaches
  11 goblins
  A hobgoblin (D:1)
  11 jackals
  5 kobolds
  6 quokkas
  A ball python (D:8)
  5 frilled lizards
  A quokka skeleton (D:8)
  10 rats
285 creatures vanquished.

Notes
Turn   | Place    | Note
-------+----------+-------------------------------------------
     0 | D:1      | Chiseanne the Demonspawn Wizard began the quest for the
                  | Orb.
     0 | D:1      | Reached XP level 1. HP: 13/13 MP: 4/4
   517 | D:1      | Gained mutation: When hurt, damage is shared between your
                  | health and your magic reserves. [demonic ancestry]
   517 | D:1      | Reached XP level 2. HP: 8/19 MP: 0/6
  1328 | D:1      | Gained mutation: You sometimes gain a little power by
                  | taking damage. [demonic ancestry]
  1328 | D:1      | Reached XP level 3. HP: 24/24 MP: 2/8
  2151 | D:2      | Found an ornate altar of the Wu Jian Council.
  2157 | D:2      | Found a shadowy altar of Dithmenos.
  2166 | D:2      | Found a glowing golden altar of the Shining One.
  2244 | D:2      | Found a snail-covered altar of Cheibriados.
  2884 | D:3      | Gained mutation: You have a pair of small horns on your
                  | head. [demonic ancestry]
  2884 | D:3      | Reached XP level 4. HP: 30/30 MP: 3/9
  3369 | D:3      | Noticed Ijyb
  3374 | D:3      | Learned a level 2 spell: Blink
  3378 | D:3      | Learned a level 3 spell: Conjure Flame
  3382 | D:3      | Learned a level 3 spell: Mephitic Cloud
  3399 | D:3      | Killed Ijyb
  3786 | D:3      | Gained mutation: You regenerate magic rapidly. [demonic
                  | ancestry]
  3786 | D:3      | Reached XP level 5. HP: 35/35 MP: 0/11
  4018 | D:4      | Noticed an ogre
  4066 | D:3      | Killed an ogre
  4110 | D:4      | Noticed Sigmund
  4250 | D:4      | Gained mutation: You are partially covered in molten
                  | scales. (AC +2) [demonic ancestry]
  4250 | D:4      | Reached XP level 6. HP: 35/41 MP: 10/13
  4336 | D:4      | Reached skill level 5 in Spellcasting
  4361 | D:4      | You fall into a shaft and drop 1 floor!
  4361 | D:5      | Entered Level 5 of the Dungeon
  4456 | D:5      | Reached skill level 5 in Conjurations
  4742 | D:5      | Gained mutation: You are mostly covered in molten scales.
                  | (AC +3) [demonic ancestry]
  4742 | D:5      | Reached XP level 7. HP: 31/46 MP: 5/15
  4918 | D:5      | Found a staircase to the Ecumenical Temple.
  4995 | D:5      | Learned a level 3 spell: Dazzling Spray
  5438 | Temple   | Entered the Ecumenical Temple
  5525 | Temple   | Became a worshipper of Vehumet
  5855 | D:4      | Killed Sigmund
  6200 | D:6      | Gained mutation: You have a pair of horns on your head.
                  | [demonic ancestry]
  6200 | D:6      | Reached XP level 8. HP: 48/52 MP: 10/18
  7022 | D:7      | Noticed a hippogriff
  7034 | D:7      | Killed a hippogriff
  7034 | D:7      | Reached * piety under Vehumet
  7034 | D:7      | Offered knowledge of Shock by Vehumet.
  7216 | D:7      | Got a pitted leather armour
  7218 | D:7      | Identified the cursed +0 leather armour of Birdsong {rF+
                  | Int+2 Dex+2} (You found it on level 7 of the Dungeon)
  7719 | D:8      | Identified a scroll of acquirement
  7719 | D:8      | Identified the Collected Works on Cloudy Cold (You acquired
                  | it on level 8 of the Dungeon)
  7912 | D:8      | Reached XP level 9. HP: 53/57 MP: 19/21
  7989 | D:8      | Noticed a centaur warrior
  7989 | D:8      | Noticed a troll
  8049 | D:8      | Killed a centaur warrior
  8610 | D:8      | Reached skill level 10 in Conjurations
  9030 | D:8      | Gained mutation: You sometimes gain power by taking damage.
                  | [demonic ancestry]
  9030 | D:8      | Reached XP level 10. HP: 58/63 MP: 12/23
  9228 | D:8      | Found a staircase to the Lair.
  9599 | D:8      | Got an ebony scimitar
  9628 | D:8      | Identified the +9 scimitar of the First Seas {elec, Str+4
                  | Stlth+} (You found it on level 8 of the Dungeon)
  9691 | D:8      | Reached skill level 10 in Spellcasting
  9845 | D:9      | Offered knowledge of Searing Ray by Vehumet.
  9924 | D:9      | Reached ** piety under Vehumet
 10084 | D:9      | Found a glowing golden altar of the Shining One.
 10492 | D:9      | Found a staircase to the Orcish Mines.
 10633 | D:9      | Found Hagacva's Gadget Emporium.
 10898 | D:10     | Entered Level 10 of the Dungeon
 11093 | Orc:1    | Entered Level 1 of the Orcish Mines
 11093 | Orc:1    | Found Cuopp's Jewellery Boutique.
 11097 | Orc:1    | Bought an uncursed ring of magical power for 320 gold
                  | pieces
 11243 | Orc:1    | Noticed an orc sorcerer
 11253 | Orc:1    | Killed an orc sorcerer
 11253 | Orc:1    | Offered knowledge of Throw Frost by Vehumet.
 11536 | Orc:2    | Entered Level 2 of the Orcish Mines
 11536 | Orc:2    | Found Geelos's Distillery.
 11541 | Orc:2    | Bought a potion of degeneration for 14 gold pieces
 11816 | Orc:2    | Reached *** piety under Vehumet
 12023 | Orc:2    | Found Ihyafred's Antique Weapon Shop.
 12038 | Orc:2    | Reached skill level 1 in Fighting
 12050 | Orc:2    | Bought an iridescent rapier for 189 gold pieces
 12051 | Orc:2    | Identified the +5 rapier of the Extremes {elec, rPois MP+9
                  | Str+3 Int-3} (You bought it in a shop on level 2 of the
                  | Orcish Mines)
 12052 | Orc:2    | Noticed an orc sorcerer
 12061 | Orc:2    | Killed an orc sorcerer
 12061 | Orc:2    | Gained mutation: You have a pair of large horns on your
                  | head. [demonic ancestry]
 12061 | Orc:2    | Reached XP level 11. HP: 60/74 MP: 26/26
 12323 | Orc:2    | Found a staircase to the Elven Halls.
 12336 | Orc:2    | Noticed an orc knight
 12514 | Orc:2    | Offered knowledge of Force Lance by Vehumet.
 12582 | Orc:2    | Reached skill level 5 in Fighting
 12806 | Orc:2    | Killed an orc knight
 13018 | Orc:2    | Noticed an orc knight
 13034 | Orc:2    | Killed an orc knight
 13466 | Orc:2    | Noticed a centaur warrior
 13466 | Orc:2    | Noticed a centaur warrior
 13482 | Orc:2    | Killed a centaur warrior
 13518 | Orc:2    | HP: 3/86 [orc warrior/bolt (12)]
 13674 | Orc:2    | Shot with a bolt by an orc warrior

Levels and vault maps discovered:
D:1:      onia_arrival_larder, layout_loops_ring, grunt_decor_mini_mirrors
D:2:      layout_basic, kennysheep_slug_shrine,
          minmay_overflow_temple_star_quad, first_ration
D:3:      layout_loops_cross, hex_large, dk_noncrumbling_3, uniq_ijyb
D:4:      layout_rooms, chequers_serial_rivers_micro_d, uniq_sigmund
D:5:      layout_gridville, minmay_temple_entry_proselytizer
D:6:      layout_basic
D:7:      layout_rooms, grunt_ogre_cave
D:8:      minmay_bloctagon, layout_basic, lair_entry_dummy,
          minmay_stone_trees_small
D:9:      layout_basic, david_orc_4, basic_altar, serial_shops, shop_statue
D:10:     layout_rooms
Temple:   eino_narrow_crystal_temple
Orc:1:    layout_caves, serial_shops, shop_statue
Orc:2:    st_orc_rangers, layout_diamond_mine, serial_shops, shop, shop, shop

Skill      XL: |  1  2  3  4  5  6  7  8  9 10 11 |
---------------+----------------------------------+-----
Conjurations   | 2 3 4 5 6 8 10 11 | 11.6
Spellcasting   | 4 5 6 8 9 11 | 11.1
Fighting       | 2 8 |  8.4
Dodging        | |  1.7
Stealth        | |  1.7
Summonings     | |  1.0
Translocations | |  0.8

Action                   |  1- 3 |  4- 6 |  7- 9 | 10-12 || total
-------------------------+-------+-------+-------+-------++-------
Melee: Unarmed           |    15 |       |       |       ||    15
       Short sword       |    22 |    55 |   133 |   134 ||   344
       Headbutt          |       |    10 |    23 |    55 ||    88
       Scimitar          |       |       |       |    79 ||    79
Throw: Dart              |       |       |     2 |       ||     2
 Cast: Magic Dart        |    87 |   110 |   151 |   237 ||   585
       Mephitic Cloud    |       |     6 |    15 |    60 ||    81
       Conjure Flame     |       |       |     3 |     2 ||     5
Evoke: Wand              |       |       |     3 |    12 ||    15
  Use: Scroll            |     5 |     2 |    17 |     4 ||    28
       Potion            |       |       |     1 |     6 ||     7
 Stab: Confused          |       |     2 |     5 |    13 ||    20
       Sleeping          |       |       |     2 |     2 ||     4
       Paralysed         |       |       |       |     5 ||     5
       Distracted        |       |       |       |     1 ||     1
  Eat: Chunk             |     6 |     6 |    12 |    14 ||    38
       Ration            |       |       |     2 |       ||     2
Armor: Robe              |    12 |     6 |       |       ||    18
       Leather armour    |       |    20 |    63 |    74 ||   157
Dodge: Dodged            |    33 |    49 |   120 |   168 ||   370
       Rpst.: Scimitar   |       |       |       |    17 ||    17
